Map: Newkirk Precinct TE (Void)

Players

Serral

  • Race: Zerg Zerg
  • League: Grandmaster
  • Spawn Location: 5:00

ShoWTimE - Winner!

  • Race: Protoss Protoss
  • League: Master
  • Spawn Location: 7:00

Event: NationWars IV

VOD

Have the link to the VOD?

Description

Time

  • Played on: Jan. 2, 2017, 1:57 p.m.
  • Length: 42:59

All games in this series

Show
View Real Time Build Order
Export as new Build Order

Serral Zerg 

Build Orders: Hatch First, Muta Ling Bane 

Get SALT Encoding   

  12  0:00  Drone  
  13  0:13  Overlord  
  13  0:18  Drone  
  14  0:31  Drone  
  14  0:32  Drone  
  14  0:35  Drone  
  17  0:52  Hatchery  
  17  0:55  Drone  
  17  0:59  Drone  
  18  1:10  Extractor  
  17  1:14  Spawning Pool  
  17  1:17  Drone  
  17  1:20  Drone  
  18  1:28  Drone  
  19  1:39  Drone  
  20  2:00  Queen  
  22  2:03  Queen  
  22  2:04  Zergling x4  
  22  2:06  Overlord  
  26  2:09  Metabolic Boost  
  26  2:28  Drone x2  
  26  2:29  Drone  
  29  2:34  Drone  
  30  2:42  Hatchery  
  29  2:46  Drone  
  29  2:51  Overlord  
  30  2:53  Drone  
  30  2:56  Drone  
  32  2:58  Drone  
  32  3:01  Drone  
  34  3:06  Drone  
  34  3:09  Drone  
  34  3:12  Drone x2  
  38  3:18  Drone x2  
  40  3:21  Overlord  
  40  3:25  Drone  
  41  3:28  Overlord  
  41  3:30  Drone  
  41  3:33  Drone x2  
  44  3:37  Spore Crawler  
  43  3:43  Spore Crawler  
  42  3:49  Drone x4  
  42  3:54  Queen  
  48  3:58  Spore Crawler  
  48  3:59  Drone x2  
  48  4:02  Evolution Chamber  
  48  4:03  Drone  
  48  4:05  Drone  
  48  4:06  Drone  
  48  4:09  Drone  
  52  4:14  Baneling Nest  
  52  4:16  Zergling x6  
  54  4:21  Drone x2  
  54  4:22  Extractor, Drone  
  55  4:27  Drone x3  
  55  4:29  Drone  
  59  4:36  Drone  
  59  4:40  Drone x2  
  59  4:43  Spore Crawler  
  60  4:46  Zerg Melee Weapons Level 1  
  60  4:48  Overlord  
  60  4:49  Drone x4  
  60  4:50  Drone  
  65  4:55  Overlord  
  65  4:57  Lair  
  65  4:59  Extractor  
  64  5:00  Drone x2  
  64  5:01  Extractor  
  64  5:05  Queen  
  64  5:07  Drone x2  
  68  5:12  Overlord  
  68  5:13  Drone x2  
  68  5:14  Drone  
  71  5:16  Queen  
  71  5:19  Drone x3  
  76  5:22  Extractor  
  76  5:25  Drone x4  
  76  5:26  Drone  
  80  5:30  Zergling x6  
  83  5:36  Extractor, Overlord  
  83  5:37  Drone x2  
  83  5:42  Overlord  
  84  5:47  Extractor  
  84  5:49  Overlord  
  83  5:53  Overlord  
  83  5:56  Drone, Centrifical Hooks  
  84  6:01  Hatchery  
  84  6:04  Zergling x8  
  86  6:09  Drone x3  
  86  6:10  Drone  
  86  6:11  Zergling x4, Hydralisk Den  
  93  6:12  Zergling x2  
  93  6:19  Pneumatized Carapace  
  93  6:20  Evolution Chamber, Overseer  
  93  6:21  Zergling x6  
  93  6:25  Drone  
  95  6:30  Overlord  
  95  6:31  Zergling x12  
  95  6:32  Zergling x2  
  102  6:45  Muscular Augments, Zerg Melee Weapons Level 2  
  102  6:46  Zerg Ground Armor Level 1  
  102  6:50  Hydralisk x3  
  108  6:55  Baneling x3  
  108  6:58  Hydralisk x3  
  114  7:07  Hydralisk  
  114  7:08  Hydralisk x2  
  118  7:14  Spire  
  119  7:18  Drone  
  119  7:19  Drone x7  
  119  7:21  Overlord  
  127  7:26  Overlord x2  
  127  7:28  Overlord  
  127  7:31  Overlord  
  127  7:36  Overlord  
  127  7:39  Overlord  
  125  7:45  Drone x4  
  125  7:47  Zergling x14  
  135  7:55  Queen  
  131  8:09  Zergling x2  
  131  8:10  Zergling x22  
  142  8:15  Overlord  
  142  8:16  Overlord  
  142  8:20  Baneling x7  
  142  8:21  Baneling x5  
  142  8:25  Baneling x6  
  142  8:26  Zergling x2  
  142  8:27  Zergling x14  
  148  8:28  Overseer  
  150  8:36  Mutalisk x4, Infestation Pit  
  157  8:42  Mutalisk x2  
  157  8:43  Zergling x2  
  157  8:44  Zergling x8  
  166  8:52  Extractor  
  158  9:03  Zergling x22  
  158  9:04  Zergling x2  
  158  9:06  Queen  
  172  9:14  Hive  
  172  9:15  Baneling  
  172  9:16  Baneling x12  
  172  9:20  Zergling x6  
  172  9:22  Overlord x4  
  175  9:34  Baneling  
  175  9:35  Baneling x14  
  175  9:37  Hatchery  
  175  9:38  Zerg Ground Armor Level 2  
  174  9:42  Overlord  
  174  9:56  Baneling x8  
  174  9:57  Zergling x20  
  174  9:58  Zergling x6  
  185  10:08  Zergling x2  
  185  10:09  Zergling x8  
  190  10:14  Overlord  
  190  10:16  Zergling x8  
  190  10:17  Zergling x12  
  200  10:28  Adrenal Glands  
  186  10:39  Zergling x24  
  189  10:46  Zergling x2  
  189  10:47  Zergling x6  
  184  10:51  Zerg Melee Weapons Level 3  
  184  10:54  Greater Spire  
  164  11:04  Zergling x2  
  164  11:05  Zergling x30  
  160  11:35  Corruptor  
  160  11:36  Corruptor x7  
  160  11:37  Zergling x2  
  160  11:38  Zergling x20  
  183  11:40  Queen  
  178  11:51  Zergling x18  
  178  11:52  Zergling x4  
  186  11:55  Zerg Ground Armor Level 3  
  180  12:02  Extractor  
  180  12:03  Zergling x2  
  180  12:04  Zergling x18  
  177  12:17  Brood Lord x4  
  177  12:20  Drone x3  
  177  12:22  Brood Lord  
  190  12:29  Brood Lord x2  
  194  12:33  Brood Lord  
  192  12:40  Extractor, Drone x5  
  195  12:50  Corruptor x3  
  194  13:06  Baneling x4  
  194  13:07  Overlord  
  194  13:08  Baneling x4  
  194  13:12  Spore Crawler  
  194  13:13  Spore Crawler  
  178  13:38  Corruptor  
  178  13:39  Corruptor x8  
  194  13:44  Zergling x8  
  194  13:45  Zergling x4  
  193  14:09  Corruptor x4  
  188  14:10  Corruptor x2  
  200  14:25  Baneling x5  
  200  14:31  Zerg Flyer Weapons Level 1  
  200  14:33  Spire  
  200  14:35  Spawning Pool  
  196  14:39  Zergling x8  
  200  14:50  Spine Crawler  
  198  14:59  Corruptor  
  198  15:09  Hatchery  
  163  15:43  Hatchery  
  163  15:47  Infestor x5  
  163  15:49  Viper x4  
  181  15:54  Extractor  
  184  15:57  Drone x5  
  184  15:59  Zergling x2  
  184  16:00  Zergling x20  
  184  16:03  Extractor  
  198  16:07  Extractor  
  198  16:08  Extractor, Drone x3  
  199  16:15  Zerg Flyer Armor Level 1  
  199  16:26  Zerg Flyer Weapons Level 2  
  189  16:50  Zergling x2  
  189  16:51  Zergling x18  
  199  17:31  Zergling x2  
  195  17:52  Hatchery  
  194  17:59  Viper, Corruptor  
  199  18:18  Hatchery  
  198  18:23  Drone  
  198  18:27  Burrow  
  199  18:34  Zerg Flyer Armor Level 2  
  199  18:56  Baneling x3  
  199  19:00  Baneling  
  196  19:17  Zergling x2  
  196  19:18  Zergling x6  
  198  19:29  Zergling x8  
  199  19:45  Zerg Flyer Weapons Level 3  
  195  20:04  Zergling x10  
  200  20:08  Overseer  
  200  20:24  Spore Crawler x2  
  198  20:29  Drone x2  
  198  20:33  Zerg Missile Weapons Level 1  
  200  20:36  Spore Crawler  
  200  20:40  Zergling x2  
  191  20:53  Zergling x18  
  200  21:02  Zerg Flyer Armor Level 3  
  191  21:34  Zergling x18  
  194  21:48  Zergling x12  
  199  21:59  Ultralisk Cavern  
  199  22:00  Drone  
  199  22:01  Spine Crawler x2  
  199  22:03  Extractor, Spore Crawler, Drone x2  
  199  22:04  Drone x2  
  185  22:16  Zergling x2  
  185  22:17  Zergling x30  
  192  22:23  Zergling x2  
  192  22:24  Zergling x12  
  199  22:36  Zerg Missile Weapons Level 2  
  198  22:42  Extractor  
  197  22:49  Baneling x4  
  197  22:50  Baneling x7  
  197  22:52  Chitinous Plating  
  197  22:59  Zergling x4  
  197  23:00  Zergling x2  
  198  23:13  Zergling x2  
  189  23:39  Brood Lord  
  189  23:40  Brood Lord  
  182  23:42  Corruptor  
  182  23:43  Corruptor x8  
  195  24:03  Baneling x7  
  195  24:04  Baneling  
  195  24:06  Corruptor  
  195  24:07  Corruptor  
  195  24:25  Zergling x6  
  195  24:26  Zergling x2  
  165  24:55  Zergling x2  
  165  24:56  Zergling x42  
  165  24:57  Zergling x14  
  194  25:12  Zerg Missile Weapons Level 3  
  194  25:18  Viper  
  194  25:19  Viper  
  185  25:55  Viper  
  185  25:56  Viper x3  
  186  25:58  Zergling x16  
  186  25:59  Zergling x12  
  194  26:27  Baneling x2  
  194  26:28  Zergling x2  
  194  26:29  Zergling x12  
  198  26:37  Zergling x2  
  198  26:38  Zergling x2  
  198  26:39  Baneling x7  
  194  27:09  Infestor x3  
  195  27:17  Zergling x8  
  199  27:24  Spore Crawler, Overseer x2  
  196  27:36  Zergling x12  
  196  27:37  Zergling x8  
  198  27:49  Zergling x2  
  198  27:50  Zergling x10  
  199  28:10  Zergling x2  
  199  28:11  Zergling x6  
  189  28:26  Zergling x2  
  182  28:27  Zergling x34  
  182  28:32  Overseer  
  185  29:28  Zergling x24  
  185  29:29  Zergling x20  
  200  29:31  Baneling  
  200  29:32  Baneling x15  
  200  29:33  Overseer  
  185  30:30  Zergling x18  
  185  30:31  Zergling x10  
  189  30:57  Infestor  
  189  30:58  Infestor x3  
  188  31:09  Zergling x2  
  188  31:10  Zergling x34  
  188  31:11  Zergling x4  
  200  31:24  Pathogen Glands  
  180  31:59  Zergling x2  
  180  32:00  Zergling x12  
  180  32:01  Zergling x2  
  180  32:12  Zergling x20  
  180  32:13  Zergling x22  
  199  32:20  Neural Parasite  
  159  33:46  Brood Lord  
  159  33:47  Brood Lord x5  
  159  33:48  Corruptor x5, Brood Lord  
  173  33:50  Zergling x2  
  173  33:51  Zergling x32  
  195  34:48  Zergling x4  
  195  34:49  Zergling x8  
  195  35:08  Zergling x2  
  195  35:09  Zergling x12  
  198  35:46  Zergling x2  
  198  35:47  Zergling x4  
  189  36:07  Infestor x2  
  189  36:08  Viper x2  
  168  36:51  Zergling x26  
  168  36:52  Zergling x6  
  181  37:00  Zergling x4  
  181  37:01  Zergling x8  
  187  37:24  Brood Lord x2  
  185  37:33  Zergling x12  
  190  37:49  Corruptor, Brood Lord x4  
  195  38:38  Corruptor  
  195  38:39  Corruptor  
  198  38:49  Zergling x2  
  198  38:50  Infestor x3, Zergling x8  
  198  38:51  Infestor  
  196  39:00  Baneling x4  
  196  39:01  Baneling  
  197  39:02  Zergling x2  
  197  39:03  Zergling x6  
  151  39:42  Corruptor x10  
  151  39:43  Corruptor x2  
  167  40:00  Zergling x2  
  167  40:01  Zergling x18  
  178  40:13  Viper x3  
  180  40:28  Infestor  
  184  40:36  Overseer  
  173  41:11  Corruptor x3  
  178  41:45  Viper  
  180  41:53  Brood Lord  
  120  42:38  Zergling x2  
Show
View Real Time Build Order
Export as new Build Order

ShoWTimE Protoss - Winner!

Build Orders: 1 Gate Expand, Oracle Opening 

Get SALT Encoding   

  12  0:01  Probe (Chrono Boost)  
  13  0:11  Probe (Chrono Boost)  
  14  0:19  Pylon  
  14  0:22  Probe (Chrono Boost)  
  15  0:37  Probe (Chrono Boost)  
  15  0:41  Gateway  
  16  0:44  Assimilator  
  16  0:49  Probe (Chrono Boost)  
  17  0:59  Probe (Chrono Boost)  
  18  1:10  Probe (Chrono Boost)  
  19  1:23  Nexus  
  19  1:26  Probe (Chrono Boost)  
  20  1:35  Cybernetics Core  
  20  1:38  Probe (Chrono Boost)  
  21  1:44  Assimilator  
  21  1:49  Probe (Chrono Boost)  
  22  1:55  Pylon  
  22  2:00  Probe (Chrono Boost)  
  23  2:09  Adept  
  23  2:12  Warp Gate  
  23  2:15  Probe (Chrono Boost)  
  26  2:24  Pylon  
  26  2:27  Probe (Chrono Boost)  
  27  2:34  Stargate  
  28  2:37  Probe (Chrono Boost)  
  28  2:39  Probe (Chrono Boost)  
  28  2:40  Adept  
  31  2:48  Probe (Chrono Boost)  
  33  2:51  Probe (Chrono Boost)  
  33  2:55  Pylon  
  33  2:58  Probe (Chrono Boost)  
  34  3:03  Probe (Chrono Boost)  
  35  3:09  Probe (Chrono Boost), Gateway  
  36  3:13  Oracle  
  36  3:19  Probe (Chrono Boost)  
  41  3:20  Adept  
  41  3:21  Probe (Chrono Boost)  
  43  3:31  Probe (Chrono Boost)  
  43  3:33  Probe (Chrono Boost)  
  45  3:40  Pylon  
  45  3:43  Probe (Chrono Boost)  
  45  3:44  Oracle  
  45  3:45  Probe (Chrono Boost)  
  47  3:55  Probe (Chrono Boost)  
  52  3:57  Probe (Chrono Boost)  
  55  4:10  Probe (Chrono Boost)  
  55  4:11  Mothership Core (Chrono Boost)  
  55  4:13  Nexus  
  55  4:22  Probe (Chrono Boost)  
  60  4:29  Pylon  
  60  4:30  Probe (Chrono Boost), Assimilator  
  57  4:31  Assimilator  
  57  4:34  Probe (Chrono Boost)  
  57  4:35  Gateway  
  56  4:42  Probe (Chrono Boost)  
  56  4:43  Void Ray  
  56  4:46  Probe (Chrono Boost)  
  56  4:47  Pylon  
  56  4:50  Forge  
  60  4:55  Probe (Chrono Boost)  
  60  4:58  Probe (Chrono Boost)  
  62  5:00  Robotics Facility  
  62  5:07  Probe (Chrono Boost)  
  63  5:09  Protoss Ground Weapons Level 1  
  63  5:10  Probe (Chrono Boost)  
  64  5:15  Twilight Council  
  64  5:19  Probe (Chrono Boost)  
  66  5:22  Probe (Chrono Boost)  
  66  5:23  Pylon  
  66  5:29  Probe (Chrono Boost)  
  66  5:31  Probe (Chrono Boost)  
  66  5:33  Sentry x2  
  66  5:34  Probe (Chrono Boost), Assimilator  
  73  5:40  Probe (Chrono Boost), Charge, Assimilator  
  75  5:43  Probe (Chrono Boost)  
  75  5:45  Observer  
  75  5:47  Probe (Chrono Boost), Gateway  
  75  5:49  Gateway  
  77  5:51  Gateway  
  77  5:52  Probe (Chrono Boost)  
  77  5:55  Probe (Chrono Boost)  
  79  5:59  Probe (Chrono Boost)  
  79  6:01  Warp Prism  
  81  6:04  Probe (Chrono Boost)  
  81  6:07  Probe (Chrono Boost)  
  81  6:11  Probe (Chrono Boost)  
  85  6:13  Photon Cannon  
  85  6:16  Probe (Chrono Boost)  
  85  6:18  Photon Cannon, Zealot  
  89  6:19  Probe (Chrono Boost)  
  89  6:23  Probe (Chrono Boost)  
  90  6:27  Zealot  
  90  6:28  Zealot  
  90  6:29  Probe (Chrono Boost)  
  90  6:31  Pylon  
  90  6:32  Immortal, Pylon  
  96  6:43  Templar Archives  
  96  6:48  Protoss Ground Weapons Level 2  
  96  6:51  Robotics Facility  
  96  6:54  Gateway  
  96  6:58  Gateway  
  96  6:59  Pylon  
  96  7:00  Zealot x2  
  96  7:01  Zealot  
  102  7:08  Psionic Storm  
  102  7:09  Immortal  
  102  7:11  Zealot x3  
  112  7:22  High Templar x2  
  114  7:23  High Templar  
  118  7:34  Zealot  
  118  7:35  Zealot x2  
  124  7:58  Zealot  
  124  8:00  Immortal  
  124  8:01  Pylon  
  124  8:02  Zealot  
  124  8:03  Zealot  
  123  8:06  Photon Cannon  
  120  8:14  Immortal, High Templar x2  
  128  8:20  Pylon  
  128  8:22  High Templar  
  128  8:23  Photon Cannon, High Templar  
  132  8:28  Pylon  
  132  8:30  Pylon  
  132  8:33  Pylon  
  132  8:38  Nexus, Pylon, Phoenix  
  132  8:39  Immortal  
  138  8:51  Photon Cannon  
  138  8:52  Immortal  
  138  8:53  Photon Cannon  
  138  9:01  Probe (Chrono Boost)  
  138  9:02  Probe (Chrono Boost)  
  137  9:04  Phoenix  
  137  9:07  Protoss Ground Weapons Level 3  
  137  9:08  Photon Cannon  
  137  9:10  Photon Cannon  
  137  9:13  High Templar x2  
  137  9:14  Zealot x3, High Templar x2  
  149  9:19  Probe x3 (Chrono Boost)  
  148  9:30  Immortal  
  148  9:31  Probe x2 (Chrono Boost)  
  150  9:34  Archon  
  150  9:35  Archon  
  154  9:42  Phoenix  
  154  9:45  Probe x3 (Chrono Boost)  
  158  9:46  Assimilator  
  158  9:51  Immortal  
  162  9:54  Probe (Chrono Boost)  
  162  9:57  Probe x2 (Chrono Boost)  
  165  10:06  Fleet Beacon  
  165  10:09  Stargate  
  165  10:10  Phoenix  
  167  10:19  Probe (Chrono Boost)  
  167  10:20  Assimilator  
  170  10:21  Probe (Chrono Boost)  
  170  10:22  Probe (Chrono Boost)  
  170  10:26  Zealot x4  
  170  10:27  Zealot x2  
  180  10:35  Zealot x2  
  175  10:38  Zealot  
  170  10:42  Probe (Chrono Boost)  
  170  10:44  Probe (Chrono Boost)  
  166  11:02  Pylon  
  166  11:15  Stargate  
  166  11:16  Pylon  
  166  11:21  Zealot x2  
  166  11:23  Zealot x2  
  172  11:29  Pylon  
  172  11:31  Pylon  
  172  11:33  Pylon  
  172  11:36  Tempest, Pylon  
  180  11:46  Pylon  
  180  11:48  Zealot  
  180  11:49  Zealot x4  
  179  11:55  Zealot x2  
  179  11:56  Zealot  
  179  11:58  Probe x3 (Chrono Boost)  
  179  12:00  Tempest  
  188  12:11  Photon Cannon  
  188  12:13  Warp Prism x2  
  188  12:20  Tempest, Pylon  
  194  12:24  Stargate, Pylon  
  194  12:25  High Templar x3  
  200  12:35  Photon Cannon  
  200  12:39  Archon  
  200  12:49  Anion Pulse-Crystals  
  200  12:51  Stargate  
  200  12:55  Protoss Ground Armor Level 1  
  200  13:11  Protoss Air Weapons Level 1  
  200  13:14  Photon Cannon  
  200  13:34  Observer  
  183  13:40  Zealot x4  
  183  13:41  Dark Shrine, Zealot x4  
  190  13:56  Tempest  
  190  14:02  Zealot x2  
  183  14:03  Zealot x4  
  183  14:05  Probe (Chrono Boost)  
  183  14:06  Probe x3 (Chrono Boost), Zealot x3  
  183  14:07  Zealot  
  199  14:17  Photon Cannon  
  199  14:22  Tempest  
  189  14:27  Zealot x2  
  199  14:36  Zealot x2  
  199  14:42  Tempest  
  199  14:43  Tempest  
  191  14:54  Tempest  
  181  15:03  Oracle  
  181  15:05  Photon Cannon  
  187  15:13  High Templar x2  
  189  15:19  Zealot  
  189  15:24  Probe x2 (Chrono Boost)  
  189  15:35  High Templar x4  
  191  15:39  Archon  
  191  15:42  Probe (Chrono Boost)  
  180  15:47  Archon  
  180  15:51  Tempest  
  186  15:58  Void Ray x2  
  190  16:07  Probe (Chrono Boost)  
  190  16:10  Void Ray  
  195  16:22  Protoss Air Weapons Level 2  
  195  16:49  Void Ray  
  195  16:53  Pylon  
  199  16:56  Nexus  
  199  17:16  Oracle  
  199  17:31  Photon Cannon  
  199  17:33  Photon Cannon  
  198  17:54  Pylon  
  198  17:55  Void Ray  
  200  18:03  Nexus  
  200  18:13  Photon Cannon, Pylon  
  200  18:34  Photon Cannon, Protoss Shields Level 1  
  200  18:35  Photon Cannon  
  200  18:37  Photon Cannon  
  200  18:40  Assimilator  
  200  18:45  Assimilator  
  198  19:25  Pylon  
  198  19:27  Probe (Chrono Boost)  
  198  19:28  Pylon  
  198  19:29  Probe (Chrono Boost)  
  192  19:40  Zealot  
  192  19:41  Zealot x3  
  200  19:45  Pylon  
  192  20:03  Zealot x4  
  200  20:21  Robotics Facility  
  200  20:24  Pylon  
  199  20:48  Zealot x4  
  197  21:14  Mothership Core (Chrono Boost)  
  199  21:18  Nexus  
  199  21:20  Photon Cannon  
  199  21:22  Photon Cannon  
  199  21:23  Photon Cannon  
  191  21:47  Photon Cannon  
  191  21:49  Photon Cannon  
  191  21:52  Photon Cannon  
  191  21:53  Photon Cannon  
  189  21:55  Photon Cannon  
  189  21:56  Photon Cannon  
  189  22:00  Pylon  
  189  22:05  Pylon  
  189  22:06  Photon Cannon  
  189  22:19  Void Ray x2  
  189  22:20  Void Ray  
  179  22:25  Void Ray  
  189  22:30  Photon Cannon  
  189  22:36  Protoss Air Weapons Level 3, Protoss Shields Level 2  
  189  22:43  Nexus  
  189  22:45  Zealot, Assimilator  
  189  22:49  Assimilator  
  187  23:19  Probe (Chrono Boost)  
  192  23:20  Probe (Chrono Boost)  
  192  23:21  Probe x3 (Chrono Boost)  
  190  23:30  Probe (Chrono Boost)  
  191  23:43  Zealot x5  
  200  23:50  Nexus  
  198  23:56  Zealot  
  198  24:34  Tempest  
  198  24:37  Tempest  
  192  24:54  High Templar x2  
  192  24:55  High Templar x2  
  192  24:56  Pylon  
  192  24:58  Archon  
  192  24:59  Archon  
  199  25:11  Nexus  
  199  25:13  Observer  
  200  25:14  Photon Cannon  
  200  25:15  Photon Cannon  
  200  25:16  Photon Cannon  
  200  25:20  Photon Cannon  
  197  25:48  Nexus  
  197  25:57  Zealot x2  
  200  26:07  Photon Cannon  
  200  26:08  Photon Cannon  
  200  26:09  Photon Cannon  
  198  26:11  Photon Cannon  
  198  26:12  Pylon  
  198  26:16  High Templar  
  198  26:18  Nexus  
  198  26:25  Observer  
  199  26:34  Photon Cannon  
  199  26:35  Photon Cannon  
  199  26:36  Photon Cannon  
  199  26:38  Photon Cannon  
  199  26:39  Photon Cannon  
  199  26:42  Photon Cannon  
  199  26:44  Pylon  
  199  26:46  Photon Cannon  
  197  26:51  Stalker  
  195  27:55  Probe (Chrono Boost)  
  195  27:56  Probe x2 (Chrono Boost)  
  197  28:13  Photon Cannon  
  193  28:33  Photon Cannon  
  193  28:34  Assimilator  
  193  28:37  Probe x2 (Chrono Boost)  
  193  28:38  Probe (Chrono Boost)  
  193  28:39  Probe x2 (Chrono Boost)  
  198  28:44  Photon Cannon  
  198  28:45  Photon Cannon  
  198  28:47  Photon Cannon  
  198  28:49  Photon Cannon  
  198  28:51  Photon Cannon  
  198  29:05  Void Ray  
  198  29:06  Zealot x3  
  182  29:10  Void Ray  
  178  29:21  Zealot x3  
  178  29:22  Zealot x2  
  188  29:27  Probe (Chrono Boost)  
  188  29:28  Probe (Chrono Boost)  
  188  29:29  Probe x2 (Chrono Boost)  
  188  29:31  Photon Cannon  
  192  29:39  High Templar x2  
  192  29:40  Photon Cannon  
  192  29:43  Archon  
  196  29:48  High Templar x2  
  196  29:52  Archon  
  200  30:03  Assimilator  
  200  30:07  Assimilator  
  200  30:12  Photon Cannon  
  200  30:13  Photon Cannon  
  200  30:34  Protoss Shields Level 3  
  197  30:36  Oracle  
  200  31:01  Archon  
  200  31:03  High Templar x2  
  195  31:04  High Templar x2  
  195  31:08  High Templar  
  199  31:20  Photon Cannon  
  199  31:22  Photon Cannon, Probe (Chrono Boost)  
  199  31:24  Pylon  
  195  31:53  Probe x2 (Chrono Boost)  
  184  31:55  Probe x2 (Chrono Boost)  
  184  32:00  Nexus  
  179  32:02  Photon Cannon  
  179  32:04  Probe (Chrono Boost)  
  179  32:05  Photon Cannon  
  179  32:06  Photon Cannon, High Templar x3  
  179  32:07  Probe x2 (Chrono Boost), High Templar  
  179  32:08  Photon Cannon  
  190  32:09  Photon Cannon  
  190  32:22  Oracle  
  190  32:24  Tempest  
  191  32:42  Oracle  
  184  32:51  High Templar x3  
  185  32:52  High Templar x2  
  186  33:00  High Templar x3  
  186  33:01  High Templar  
  186  33:04  Archon x2  
  193  33:16  Probe x2 (Chrono Boost)  
  193  33:17  Probe (Chrono Boost)  
  193  33:18  Probe (Chrono Boost)  
  185  33:30  Probe x4 (Chrono Boost)  
  189  33:37  High Templar x3  
  189  33:38  High Templar  
  189  33:41  Probe (Chrono Boost), Archon x2  
  200  33:42  Probe x2 (Chrono Boost)  
  200  33:56  Assimilator  
  200  33:59  Photon Cannon  
  200  34:01  Photon Cannon  
  194  34:03  Photon Cannon  
  194  34:09  High Templar x2  
  198  34:33  Archon  
  198  34:37  Photon Cannon  
  198  34:39  Photon Cannon  
  198  34:41  Photon Cannon  
  198  34:42  Photon Cannon  
  199  35:09  Zealot  
  197  35:26  Pylon  
  197  35:28  Pylon  
  197  35:30  Pylon  
  197  35:32  Pylon  
  197  35:39  Mothership Core (Chrono Boost)  
  197  35:41  Oracle  
  187  35:51  Pylon  
  187  35:52  Pylon  
  183  36:13  High Templar x4  
  183  36:15  High Templar x2  
  195  36:18  Archon  
  183  36:55  High Templar x2  
  183  36:56  High Templar x2  
  183  37:00  Archon x2  
  187  37:09  Oracle  
  191  37:19  Nexus  
  191  37:20  Pylon  
  191  37:30  Photon Cannon  
  191  37:32  Photon Cannon  
  191  37:33  Pylon  
  191  37:36  Protoss Ground Armor Level 2, Protoss Air Armor Level 1  
  190  37:43  Nexus  
  190  37:47  Photon Cannon  
  190  37:48  Photon Cannon  
  190  37:50  Photon Cannon  
  190  37:54  Pylon  
  190  38:05  Zealot  
  192  38:53  Pylon  
  190  38:55  Pylon  
  190  38:57  Oracle  
  190  38:59  Zealot x3  
  190  39:00  Zealot x2  
  195  39:21  Tempest  
  179  39:35  Zealot x2  
  158  39:54  High Templar x3  
  164  40:04  Probe (Chrono Boost)  
  165  40:10  Probe (Chrono Boost)  
  164  40:41  Zealot x2  
  149  41:21  Pylon  
  149  41:24  Pylon  
  149  41:29  Assimilator  
  149  41:32  High Templar x4  
  150  41:36  Archon  
  150  41:37  Archon, Oracle  
  154  41:45  Zealot  
  159  41:51  Probe (Chrono Boost)  
  160  41:56  Probe (Chrono Boost)  
  157  42:13  Archon  
  103  42:44  High Templar  
  103  42:45  High Templar x3  
  103  42:48  High Templar  
  103  42:49  Archon  
  103  42:50  Archon  
Tags
 
Add a new tag
Caveats
  • Supply blocks, unpowered buildings, or Contaminate may cause inaccurate times.
  • Supply counts are checked every 10 seconds.